 Dungeon Crawl Stone Soup version 0.25-a0-782-g655279c (webtiles) character file.

Game seed: 10298460351932393537, levelgen mode: deterministic

277 robertstho the Poker (level 6, -2/51 HPs)
             Began as a Merfolk Berserker on Apr 16, 2020.
             Was a Priest of Trog.
             Slain by a phantom (6 damage)
             ... on level 4 of the Dungeon.
             The game lasted 00:04:06 (2543 turns).

robertstho the Poker (Merfolk Berserker)            Turns: 2543, Time: 00:04:07

Health: -2/51      AC:  9    Str: 19    XL:     6   Next: 25%
Magic:  6/6        EV:  8    Int:  6    God:    Trog [***...]
Gold:   106        SH:  0    Dex: 14    Spells: 5/5 levels left

rFire    . . .     SeeInvis .   a - +0 spear
rCold    . . .     Gourm    .   (no shield)
rNeg     . . .     Faith    .   f - +0 chain mail
rPois    .         Spirit   .   (no helmet)
rElec    .         Reflect  .   o - +0 cloak
rCorr    +         Harm     .   (no gloves)
MR       +++..                  (no boots)
Stlth    ..........             (no amulet)
HPRegen  1.17/turn              j - ring of protection from magic
MPRegen  0.10/turn              s - ring of resist corrosion

@: berserk cooldown, regenerating, slowed, very slow
A: change form in water, swift swim, stealthy swim
a: Berserk, Trog's Hand, Renounce Religion


You were on level 4 of the Dungeon.
You worshipped Trog.
Trog was most pleased with you.
You were very hungry.

You visited 1 branch of the dungeon, and saw 4 of its levels.

You collected 106 gold pieces.

Inventory:

Hand Weapons
 a - a +0 spear (weapon)
Missiles
 l - 4 silver javelins (quivered)
 q - 12 poisoned darts
Armour
 f - a +0 chain mail (worn)
 o - a +0 cloak (worn)
Jewellery
 j - a ring of protection from magic (left hand)
 n - an uncursed ring of see invisible
 s - a ring of resist corrosion (right hand)
 t - an uncursed ring of flight {unknown}
Wands
 h - a wand of flame (18)
Scrolls
 b - 5 scrolls of identify {unknown}
 g - 2 scrolls of teleportation {unknown}
 i - 2 scrolls of amnesia {unknown}
 r - 2 scrolls of remove curse {unknown}
Potions
 e - 3 potions of heal wounds {unknown}
 k - 2 potions of might {unknown}
 m - a potion of curing {unknown}
Comestibles
 c - 6 rations
 p - a chunk of flesh


   Skills:
 * Level 5.1 Fighting
 * Level 7.5 Polearms
 + Level 2.0 Armour
 + Level 3.2 Dodging


You had 5 spell levels left.
You didn't know any spells.
Your spell library was empty.

Dungeon Overview and Level Annotations

Branches:
Dungeon (4/15)
 Temple: D:4-7

Altars:
Wu Jian


Message History

There is an open door, spattered with blood here.
You see here a worker ant corpse.
You butcher the worker ant corpse.
The phantom blinks!
There is an open door, spattered with blood here.
You see here a chunk of flesh.
p - a chunk of flesh The phantom completely misses you.
There's a creature in the doorway!
The phantom hits you.
* * * LOW HITPOINT WARNING * * *
The phantom hits you but does no damage.
Your skin crawls.
You feel resistant to hostile enchantments.
You are feeling very hungry.
The phantom hits you.
* * * LOW HITPOINT WARNING * * *
It was a potion of berserk rage.
You're still recovering from your berserk rage.
The phantom hits you.
You die...

######## ##########
#......# #.........
#......# #.........
###......######.........
..............'.........
###......##.###.........
.........##W# #.........
##......##@# #......|..
#......##.# #.........
#......##.# #.........
#......##.# #........(
#......##.# ##########
#......##.# #......##.#
#......##.# ####'####.#


You could see a phantom.

Vanquished Creatures
  Crazy Yiuf (D:2)
  An orc priest (D:3)
  Jessica (D:2)
  Terence (D:2)
  A worker ant (D:4)
  6 adders
  3 gnolls (D:3)
  An ooze (D:2)
  2 dart slugs
  A leopard gecko (D:3)
  3 orcs (D:3)
  4 bats
  2 giant cockroaches
  6 goblins
  3 hobgoblins
  3 jackals (D:3)
  6 kobolds
  A quokka (D:3)
  2 ball pythons (D:3)
  4 frilled lizards
  9 rats
  A fungus (D:2)
62 creatures vanquished.

Notes
Turn   | Place    | Note
-------+----------+-------------------------------------------
     0 | D:1      | robertstho the Merfolk Berserker began the quest for the
                  | Orb.
     0 | D:1      | Reached XP level 1. HP: 18/18 MP: 1/1
   126 | D:1      | Reached XP level 2. HP: 10/24 MP: 2/2
   687 | D:2      | Noticed Jessica
   715 | D:2      | Killed Jessica
   715 | D:2      | Reached skill level 5 in Polearms
   715 | D:2      | Reached XP level 3. HP: 16/30 MP: 3/3
  1069 | D:2      | Reached ** piety under Trog
  1069 | D:2      | Reached XP level 4. HP: 31/38 MP: 4/4
  1094 | D:2      | Noticed Terence
  1100 | D:2      | Killed Terence
  1377 | D:2      | Reached skill level 6 in Polearms
  1672 | D:2      | Found a runed translucent door.
  1673 | D:2      | Noticed Crazy Yiuf
  1681 | D:2      | Killed Crazy Yiuf
  1681 | D:2      | Reached XP level 5. HP: 43/43 MP: 5/5
  1977 | D:3      | Reached skill level 7 in Polearms
  2152 | D:3      | Found an ornate altar of the Wu Jian Council.
  2217 | D:3      | Reached skill level 5 in Fighting
  2217 | D:3      | Reached XP level 6. HP: 39/51 MP: 6/6
  2371 | D:3      | Reached *** piety under Trog
  2490 | D:4      | Noticed a phantom
  2542 | D:4      | HP: 2/51 [phantom (4)]
  2543 | D:4      | Slain by a phantom

Levels and vault maps discovered:
D:1:      ebering_trefoil_twist, layout_loops_ring
D:2:      layout_basic, uniq_crazy_yiuf_cottage, uniq_jessica, uniq_terence
D:3:      minmay_general_purpose_star, layout_rooms, lemuel_crystal_altar,
          minmay_shallow_snake_nest
D:4:      layout_basic

Skill      XL: |  1  2  3  4  5  6 |
---------------+-------------------+-----
Fighting       | 4 5 |  5.1
Polearms       | 5 6 7 |  7.5
Dodging        | 3 |  3.2
Armour         | 2 |  2.0

Action                   |  1- 3 |  4- 6 || total
-------------------------+-------+-------++-------
Melee: Spear             |   104 |   231 ||   335
Invok: Berserk           |     2 |     6 ||     8
       Trog's Hand       |       |     1 ||     1
  Use: Potion            |       |     1 ||     1
  Eat: Chunk             |     2 |    10 ||    12
Armor: Animal skin       |     9 |       ||     9
       Chain mail        |    16 |    76 ||    92
Dodge: Dodged            |    38 |    73 ||   111

Table legend:
 A = Non-vault XP
 B = Vault XP
 C = Vault XP percentage of total XP
 D = Non-vault monster count
 E = Vault monster count
 F = Vault count percentage of total count
                 A         B        C        D         E       F
            +---------+---------+-------+---------+---------+-------
      Total |     262 |     134 |  33.8 |      53 |       8 |  13.1
            +---------+---------+-------+---------+---------+-------
        D:1 |      14 |       0 |   0.0 |       8 |       0 |   0.0
        D:2 |      49 |     115 |  70.1 |      13 |       3 |  18.8
        D:3 |     153 |      19 |  11.0 |      30 |       5 |  14.3
        D:4 |      46 |       0 |   0.0 |       2 |       0 |   0.0
            +---------+---------+-------+---------+---------+-------
